 Dungeon Crawl Stone Soup version 0.23.2 (webtiles) character file.

Game seed: 17259659719368406169

389 Gargoyl the Skirmisher (level 6, 0/52 HPs)
             Began as a Centaur Abyssal Knight on Apr 8, 2019.
             Was a Priest of Lugonu.
             Slain by an ogre
             ... wielding a cursed -3 giant club
              (18 damage)
             ... on level 4 of the Dungeon.
             The game lasted 00:06:30 (5065 turns).

Gargoyl the Skirmisher (Centaur Abyssal Knight)     Turns: 5065, Time: 00:06:30

Health: 0/52       AC: 12    Str: 15    XL:     6   Next: 49%
Magic:  8/8        EV:  2    Int: 11    God:    Lugonu [***...]
Gold:   210        SH:  0    Dex: 10    Spells: 5/5 levels left

rFire    . . .     SeeInvis .   a - +4 hand axe
rCold    . . .     Gourm    .   (no shield)
rNeg     . . .     Faith    .   e - +0 plate armour
rPois    .         Spirit   .   q - +2 helmet
rElec    .         Reflect  .   (no cloak)
rCorr    +         Harm     .   (no gloves)
MR       .....                  (no barding)
Stlth    ..........             (no amulet)
HPRegen  0.17/turn              b - ring of resist corrosion
MPRegen  0.11/turn              h - ring of stealth

@: very quick
A: large, hooves 3, deformed body, speed 2, tough skin 3
a: Depart the Abyss, Bend Space, Banish, Renounce Religion


You were on level 4 of the Dungeon.
You worshipped Lugonu.
Lugonu was most pleased with you.
You were hungry.

You visited 1 branch of the dungeon, and saw 4 of its levels.
You visited the Abyss 1 time.

You collected 210 gold pieces.

Inventory:

Hand Weapons
 a - a +4 hand axe (weapon)
Armour
 e - a +0 plate armour (worn)
 q - a +2 helmet (worn)
Jewellery
 b - a ring of resist corrosion (left hand)
 h - a ring of stealth (right hand)
Wands
 t - a wand of polymorph (5)
Scrolls
 d - a scroll of amnesia
 g - 3 scrolls of identify
 i - a scroll of remove curse
Potions
 f - a potion of haste {unknown}
 j - 3 potions of cancellation
 k - a potion of heal wounds {unknown}
 l - 2 potions of curing {unknown}
 m - 3 potions of brilliance {unknown}
 n - a potion of agility {unknown}
 p - a potion of might {unknown}
 r - a potion of degeneration {unknown}
 s - 3 potions of lignification {unknown}
Comestibles
 c - 7 rations


   Skills:
 + Level 3.9 Fighting
 + Level 3.5 Axes
 * Level 3.1 Armour
 * Level 1.8 Dodging
 * Level 3.2 Invocations


You had 5 spell levels left.
You didn't know any spells.
Your spell library contained the following spells:

 Spells                   Type           Power        Failure   Level  Hunger
 Animate Skeleton         Necr           N/A          100%        1    ##.....
 Pain                     Necr           #...         100%        1    ##.....
 Regeneration             Chrm/Necr      #.........   100%        3    ####...
 Vampiric Draining        Necr           #.........   100%        3    ####...
 Animate Dead             Necr           N/A          100%        4    #####..


Dungeon Overview and Level Annotations

Branches:
Dungeon (4/15)
 Temple: D:4-7

Altars:


Innate Abilities, Weirdness & Mutations

You have hooves in place of feet.
Armour fits poorly on your strangely shaped body.
You cover ground very quickly.
You have extremely tough skin. (AC +3)


Message History

You are feeling hungry.
There is a stone staircase leading up here.
Your plate armour prevents you from hitting the ogre.
You kick the ogre!
The ogre is moderately wounded.
The ogre hits you with a cursed -3 giant club.
Your plate armour prevents you from hitting the ogre.
You kick the ogre.
The ogre is heavily wounded.
The ogre hits you with a cursed -3 giant club!
Your plate armour prevents you from hitting the ogre.
The ogre is heavily wounded.
The ogre hits you with a cursed -3 giant club!
You barely miss the ogre.
The ogre is heavily wounded.
The ogre hits you but does no damage.
You hit the ogre. Your kick misses the ogre.
The ogre is severely wounded.
The ogre hits you with a cursed -3 giant club!!
You die...

.##### #.#
.....#####. #.#
..†........ #.#
.###.####.. #.# .#
#.# #. #.# .# #)#
#.. #.#
.###.####..# #.#
...........# #O#
####.####.## #@# #
#.####.# #.#
####......######<#
.................#
##<#.#.##.########
..........#
##.#.#.##.#
#.....##.#
###.####.#


You could see an ogre.

Vanquished Creatures
  3 hounds (D:4)
  An orc priest (D:3)
  An iguana (D:4)
  7 gnolls
  6 adders
  A shadow imp (D:3)
  A worm (D:2)
  4 dart slugs
  4 leopard geckos
  7 orcs
  A ball python (D:2)
  13 bats
  6 giant cockroaches
  5 goblins
  9 hobgoblins
  9 jackals
  A quokka (D:2)
  A ball python skeleton (D:2)
  3 frilled lizards
  10 kobolds
  7 rats
100 creatures vanquished.

Vanquished Creatures (others)
  A goblin (D:2)
1 creature vanquished.

Grand Total: 101 creatures vanquished

Notes
Turn   | Place    | Note
-------+----------+-------------------------------------------
     0 | Abyss:1  | Gargoyl the Centaur Abyssal Knight began the quest for the
                  | Orb.
     0 | Abyss:1  | Reached XP level 1. HP: 19/19 MP: 2/2
   144 | Abyss:2  | Noticed a small abomination
   172 | Abyss:2  | Noticed a small abomination
   185 | D:1      | Escaped the Abyss
   502 | D:1      | Reached * piety under Lugonu
   566 | D:1      | Reached XP level 2. HP: 23/26 MP: 3/3
   698 | D:1      | You fall through a shaft!
   909 | D:2      | Reached skill level 1 in Dodging
   909 | D:2      | Reached XP level 3. HP: 21/31 MP: 4/4
  1672 | D:2      | Reached ** piety under Lugonu
  1695 | D:2      | Reached XP level 4. HP: 38/38 MP: 5/5
  2320 | D:2      | Found a faded altar of an unknown god.
  3574 | D:3      | Reached XP level 5. HP: 30/45 MP: 6/6
  4022 | D:3      | Reached *** piety under Lugonu
  4455 | D:4      | Reached XP level 6. HP: 52/52 MP: 8/8
  5065 | D:4      | Slain by an ogre

Skill      XL: |  1  2  3  4  5 |
---------------+----------------+-----
Axes           | 2 3 |  3.5
Dodging        | 1 |  1.8
Armour         | 2 3 |  3.1
Invocations    | 3 |  3.2
Fighting       | |  3.9

Action                   |  1- 3 |  4- 6 || total
-------------------------+-------+-------++-------
Melee: Hand axe          |   126 |   173 ||   299
       Kick              |    21 |    31 ||    52
Invok: Depart the Abyss  |     1 |       ||     1
       Bend Space        |       |     1 ||     1
  Use: Scroll            |       |    11 ||    11
  Eat: Chunk             |     2 |     5 ||     7
       Ration            |       |     1 ||     1
Armor: Plate armour      |   170 |   165 ||   335
Dodge: Dodged            |     9 |    30 ||    39
